AoeStats
← Ugomez

Arena

510576860Analyzed
2v2 RM · 8h ago on Oct 1, 2026· 22m 13s· 4 players
Game mode
Random Map
Map size
Medium (4 player)
Population
200
Speed
Normal
Resources
Standard
Victory
Conquest
Starting age
Dark Age
Ending age
Imperial Age
RankedLock teamsTeams togetherTeam positionsShared explorationLock speedFull tech treeHidden civsTurbo modeCheats
Victory
Defeat
🇬🇧 Bohemians · United Kingdom
754
+16
🇦🇷 Spanish · Argentina
751
+37
🇪🇸 Spanish · Spain
761
-16
🇪🇸 Byzantines · Spain
751
-30
DanteYTB6319
14:04 Feudal Age
21:23 Double-Bit Axe
Delacoal
11:18 Feudal Age
16:47 Castle Age
15:32 Loom
17:41 Double-Bit Axe
17:42 Horse Collar
18:51 Bow Saw
18:44 Heavy Plow
Lima3
8:53 Loom
11:10 Feudal Age
12:28 Wheelbarrow
12:22 Horse Collar
12:30 Double-Bit Axe
19:57 Castle Age
Ugomez
12:48 Feudal Age
18:19 Castle Age
18:10 Double-Bit Axe
20:54 Wheelbarrow
20:04 Horse Collar
20:29 Pikeman
Connection lost

Rejoining the realm…

Still unreachable

The connection could not be restored.

Session expired

The server has moved on; the page needs a fresh start.